 Dungeon Crawl Stone Soup version 0.27-a0-1154-gfdeffcb720 (webtiles) character file.

Game seed: 15717000392266840772

132 leviel the Covered (level 4, 0/41 HPs)
             Began as a Minotaur Fighter on May 14, 2021.
             Slain by an ogre
             ... wielding a +0 giant spiked club
              (20 damage)
             ... on level 4 of the Dungeon.
             The game lasted 00:02:09 (3034 turns).

leviel the Covered (Minotaur Fighter)               Turns: 3034, Time: 00:02:10

Health: 0/41       AC:  7    Str: 22    XL:     4   Next: 92%
Magic:  3/3        EV:  7    Int:  5    God:
Gold:   95         SH:  9    Dex:  9    Spells: 3/3 levels left

rFire    . . .     SeeInvis .   a - +0 war axe
rCold    . . .     Faith    .   c - +0 kite shield
rNeg     . . .     Spirit   .   b - +0 scale mail
rPois    .         Reflect  .   (helmet restricted)
rElec    .         Harm     .   (no cloak)
rCorr    .         Rampage  .   (no gloves)
Will     .....                  (no boots)
Stlth    ..........             (no amulet)
HPRegen  0.13/turn              (no ring)
MPRegen  0.08/turn              (no ring)

@: mighty
A: horns 2, retaliatory headbutt
a: no special abilities


You were on level 4 of the Dungeon.
You visited 1 branch of the dungeon, and saw 4 of its levels.

You collected 95 gold pieces.

Inventory:

Hand Weapons
 a - a +0 war axe (weapon)
Armour
 b - a +0 scale mail (worn)
 c - a +0 kite shield (worn)
Jewellery
 j - a ring of willpower
 n - a ring of protection from fire
Scrolls
 e - a scroll of vulnerability {unknown}
 i - 2 scrolls of fear {unknown}
 k - a scroll of fog {unknown}
 l - a scroll of enchant weapon {unknown}
 m - 3 scrolls of identify {unknown}
Potions
 f - 2 potions of flight {unknown}
 g - 2 potions of curing {unknown}
 h - a potion of heal wounds {unknown}
 o - a potion of brilliance {unknown}


   Skills:
 + Level 4.4 Fighting
 + Level 4.1 Axes
 + Level 4.7 Armour
 + Level 0.3 Dodging
 + Level 0.1 Stealth
 + Level 4.2 Shields


You had 3 spell levels left.
You didn't know any spells.
Your spell library was empty.

Dungeon Overview and Level Annotations

Branches:
Dungeon (4/15)
 Temple: D:4-7

Altars:
Ru
Sif Muna

Shops:
D:1 *


Innate Abilities, Weirdness & Mutations

You have a pair of horns on your head.
You reflexively headbutt those who attack you in melee.


Message History

The jackal is almost dead.
You block the jackal's attack.
The jackal bites you but does no damage.
You closely miss the jackal. Your headbutt misses the jackal.
The jackal is almost dead.
You block the jackal's attack.
The jackal bites you but does no damage.
You slash the jackal!
You kill the jackal!
No target in view!
Found a knobbly smoking staff and a buckler.
Unknown command.
Found a stone staircase leading down.
Found an escape hatch in the floor.
o - a fuming black potion No target in view!
Found 21 stones.
You see here 21 stones.
An ogre comes into view. It is wielding a +0 giant spiked club.
The ogre shouts!
An ogre is nearby!
An ogre is nearby!
You hit the ogre but do no damage. You headbutt the ogre.
The ogre is lightly wounded.
The ogre hits you with a +0 giant spiked club!!
Ouch! That really hurt!
You are too injured to fight recklessly!
You are too injured to fight recklessly!
You are too injured to fight recklessly!
You are too injured to fight recklessly!
You are too injured to fight recklessly!
You are too injured to fight recklessly!
You are too injured to fight recklessly!
You are too injured to fight recklessly!
You are too injured to fight recklessly!
You are too injured to fight recklessly!
You are too injured to fight recklessly!
You feel very mighty all of a sudden.
The ogre hits you with a +0 giant spiked club!!
You die...

## .. #. #.
#O#############
#.@......(....#
#.###########.#
#. #.# #. #.# #.
#########.# .#.
..........## ..
####.###...#
#.#.#.... #...#
#..##.##.###...#


You could see an ogre.

Vanquished Creatures
  5 adders
  A worm (D:2)
  4 dart slugs
  4 ball pythons
  5 bats
  6 endoplasms
  4 giant cockroaches
  7 goblins
  6 hobgoblins
  10 jackals
  5 kobolds
  2 quokkas
  3 frilled lizards
  7 rats
69 creatures vanquished.

Notes
Turn   | Place    | Note
-------+----------+-------------------------------------------
     0 | D:1      | leviel the Minotaur Fighter began the quest for the Orb.
     0 | D:1      | Reached XP level 1. HP: 19/19 MP: 0/0
    61 | D:1      | Reached XP level 2. HP: 27/27 MP: 1/1
    75 | D:1      | Found Syzon's Assorted Antiques.
   505 | D:1      | Reached XP level 3. HP: 27/33 MP: 2/2
   920 | D:2      | Found a faded altar of an unknown god.
   957 | D:2      | Found a shimmering blue altar of Sif Muna.
  1230 | D:2      | Reached XP level 4. HP: 41/41 MP: 3/3
  2418 | D:3      | Found a sacrificial altar of Ru.
  3032 | D:4      | Noticed an ogre
  3034 | D:4      | Slain by an ogre

Illustrated notes

Levels and vault maps discovered:
D:1:      shiori_arrival_maze, layout_basic, serial_shops, shop
D:2:      layout_basic, basic_altar, hellmonk_ecumenical_altar_zigzags
D:3:      layout_basic, overflow_temple_1_default, minmay_goblin_outpost
D:4:      layout_loops_ring, fiery_altar_vehumet, kennysheep_mini,
          amethyst_overflow_temple_binary, minmay_between

Skill      XL: |  1  2  3  4 |
---------------+-------------+-----
Fighting       | 4 |  4.4
Armour         | 4 |  4.7
Axes           | 3 4 |  4.1
Shields        | 4 |  4.2
Dodging        | |  0.3
Stealth        | |  0.1

Action                   |  1- 3 |  4- 6 || total
-------------------------+-------+-------++-------
Melee: War axe           |    70 |    75 ||   145
       Headbutt          |    15 |     5 ||    20
  Use: Potion            |       |     1 ||     1
Armor: Scale mail        |    30 |    27 ||    57
Dodge: Dodged            |    14 |    30 ||    44
Block: Kite shield       |    35 |    52 ||    87

Table legend: (Time is in decaauts)
 A = Elapsed time spent in this place.
 B = Non-inter-level travel time spent in this place.
 C = Inter-level travel time spent in this place.
 D = Time resting spent in this place.
 E = Time spent auto-exploring this place.
 F = Levels seen in this place.
 G = Mean time per level.
                   A        B        C        D        E       F      G
               +--------+--------+--------+--------+--------+-----+--------+
         Total |   3113 |   2986 |    127 |      0 |   2566 |   4 |  778.2 |
       Dungeon |   3113 |   2986 |    127 |      0 |   2566 |   4 |  778.2 |
               +--------+--------+--------+--------+--------+-----+--------+

Top non-repeatable levels by time:
     D:2: 1133 daAuts
     D:3: 1052 daAuts
     D:1: 736 daAuts
     D:4: 190 daAuts
